 Dungeon Crawl Stone Soup version 0.27-a0-1232-gc6a4cbde82 (webtiles) character file.

Game seed: 10040598157348358901

247 bande the Shield-Bearer (level 6, -7/39 HPs)
             Began as a Gargoyle Fighter on June 8, 2021.
             Mangled by an ogre
             ... wielding a +0 giant spiked club
              (12 damage)
             ... on level 4 of the Dungeon.
             The game lasted 00:05:00 (2826 turns).

bande the Shield-Bearer (Gargoyle Fighter)          Turns: 2826, Time: 00:05:01

Health: -7/39      AC: 13    Str: 21    XL:     6   Next: 11%
Magic:  6/6        EV:  5    Int:  8    God:
Gold:   33         SH:  9    Dex: 10    Spells: 5/5 levels left

rFire    . . .     SeeInvis .   a - +0 war axe
rCold    . . .     Faith    .   c - +0 kite shield
rNeg     + . .     Spirit   .   e - +0 chain mail
rPois    ∞         Reflect  .   (no helmet)
rElec    +         Harm     .   (no cloak)
rCorr    .         Rampage  .   (no gloves)
Will     .....                  (no boots)
Stlth    ..........             (no amulet)
HPRegen  0.13/turn              i - +4 ring of slaying
MPRegen  0.10/turn              (no ring)

@: mighty
A: sickness immunity, AC +4, negative energy resistance 1, electricity
resistance, torment resistance 1, petrification resistance
a: no special abilities


You were on level 4 of the Dungeon.
You visited 1 branch of the dungeon, and saw 4 of its levels.

You collected 75 gold pieces.
You spent 42 gold pieces at shops.

Inventory:

Hand Weapons
 a - a +0 war axe (weapon)
 f - a +0 flail
Missiles
 h - a throwing net (quivered)
Armour
 c - a +0 kite shield (worn)
 e - a +0 chain mail (worn)
Jewellery
 i - a +4 ring of slaying (left hand)
Scrolls
 j - 2 scrolls of fear {unknown}
 k - a scroll of identify
 l - a scroll of enchant weapon {unknown}
Potions
 b - 2 potions of flight
 g - a potion of curing


   Skills:
 + Level 4.3 Fighting
 + Level 3.5 Axes
 + Level 4.2 Armour
 + Level 0.5 Dodging
 + Level 4.6 Shields


You had 5 spell levels left.
You didn't know any spells.
Your spell library contained the following spells:

 Spells                   Type           Power      Damage    Failure   Level
 Summon Small Mammal      Summ           0%         N/A       100%        1
 Call Imp                 Summ           0%         N/A       100%        2
 Call Canine Familiar     Summ           0%         N/A       100%        3
 Confusing Touch          Hex            0%         N/A       100%        3
 Gell's Gravitas          Tloc           0%         N/A       100%        3
 Summon Guardian Golem    Hex/Summ       0%         N/A       100%        3
 Petrify                  Tmut/Erth      0%         N/A       100%        4
 Summon Ice Beast         Ice/Summ       0%         N/A       100%        4
 Summon Lightning Spire   Summ/Air       0%         N/A       100%        4
 Metabolic Englaciation   Hex/Ice        0%         N/A       100%        5
 Yara's Violent Unravell  Hex/Tmut       0%         3d3       100%        5


Dungeon Overview and Level Annotations

Branches:
Dungeon (4/15)
 Temple: D:4-7

Altars:

Shops:
D:3 !:[(*

Annotations:
D:3 3 runed translucent doors, RennBougie's ghost, amateur DsNe; dickylongcocking's ghost, amateur DjFE; quinnr's ghost, amateur DgAE


Innate Abilities, Weirdness & Mutations

You are immune to sickness and miasma.
Your stone body is resilient. (AC +4)
You are immune to poison.
You resist negative energy. (rN+)
You are resistant to electric shocks. (rElec)
You are resistant to unholy torment.
You are immune to petrification.


Message History

You closely miss the jackal. You hit the adder. You block the jackal's attack.
The water moccasin skeleton bites you. The adder bites you but does no damage.
The jackal bites you.
You block the water moccasin skeleton's attack.
The adder bites you but does no damage.
Unknown command.
You closely miss the adder.
The adder is lightly wounded.
You slash the water moccasin skeleton! You hit the jackal.
The jackal bites you but does no damage.
The water moccasin skeleton bites you. You block the adder's attack.
You block the jackal's attack. The adder bites you but does no damage.
Unknown command.
You feel very mighty all of a sudden.
The jackal bites you but does no damage.
The adder bites you but does no damage.
The jackal bites you but does no damage.
You hit the ogre.
The ogre is lightly wounded.
You hit the jackal.
You kill the jackal!
You hit the adder. You block the ogre's attack. The adder bites you.
You block the adder's attack.
You block the water moccasin skeleton's attack.
The ogre hits you with a +0 giant spiked club.
You slash the ogre!
The ogre is heavily wounded.
You barely miss the water moccasin skeleton.
You hit the adder.
You kill the adder!
The water moccasin skeleton bites you.
The ogre hits you with a +0 giant spiked club!
* * * LOW HITPOINT WARNING * * *
The water moccasin skeleton closely misses you.
You slash the ogre!
The ogre is almost dead.
You hit the water moccasin skeleton. The water moccasin skeleton bites you.
* * * LOW HITPOINT WARNING * * *
The ogre hits you with a +0 giant spiked club!
You die...

#( #.
###.###### .
........#.#
....(.....
#.......##
...###Z........
......O@†..#
..#######......
##..# .


You could see an ogre and a water moccasin skeleton.

Vanquished Creatures
  A sky beast (D:3)
  An orc priest (D:1)
  An orc wizard (D:3)
  3 adders
  A worm (D:2)
  8 orcs
  7 endoplasms
  4 giant cockroaches
  5 goblins
  5 hobgoblins
  9 jackals
  4 ball pythons
  5 bats
  2 frilled lizards (D:2)
  2 kobolds
  6 rats
64 creatures vanquished.

Notes
Turn   | Place    | Note
-------+----------+-------------------------------------------
     0 | D:1      | bande the Gargoyle Fighter began the quest for the Orb.
     0 | D:1      | Reached XP level 1. HP: 14/14 MP: 1/1
   306 | D:1      | Reached XP level 2. HP: 17/19 MP: 2/2
   985 | D:1      | Reached XP level 3. HP: 24/24 MP: 3/3
  1232 | D:2      | Reached XP level 4. HP: 29/29 MP: 4/4
  1973 | D:3      | Noticed a sky beast
  1986 | D:3      | Killed a sky beast
  1987 | D:3      | Reached XP level 5. HP: 14/33 MP: 5/5
  2175 | D:3      | Found Agoacs's Book Shoppe.
  2181 | D:3      | Found a faded altar of an unknown god.
  2247 | D:3      | Found Emiruvau's Distillery.
  2280 | D:3      | Bought a potion of attraction for 42 gold pieces
  2311 | D:3      | Found Oddoomir's Antique Armour Emporium.
  2346 | D:3      | Found Gucliff's Weapon Shoppe.
  2350 | D:3      | Reached XP level 6. HP: 28/39 MP: 6/6
  2517 | D:3      | Found a runed translucent gate.
  2517 | D:3      | Found a runed translucent gate.
  2517 | D:3      | Noticed RennBougie's ghost (amateur DsNe)
  2518 | D:3      | Found a runed translucent gate.
  2518 | D:3      | Noticed dickylongcocking's ghost (amateur DjFE)
  2518 | D:3      | Noticed quinnr's ghost (amateur DgAE)
  2526 | D:3      | Found Puxtief's General Store.
  2826 | D:4      | Mangled by an ogre

Illustrated notes

Levels and vault maps discovered:
D:1:      tarquinn_simple_flora_water_e, layout_rooms
D:2:      layout_loops_ring
D:3:      layout_basic, gammafunk_ghost_cemetery, serial_shops, shop, shop,
          shop, nicolae_shop_window_shopping, shop, ebering_ecumenical_altar_box
D:4:      layout_basic, slow_altar_1, general_overflow_altar,
          portal_sewer_entry_e

Skill      XL: |  1  2  3  4 |
---------------+-------------+-----
Axes           | 2 3 |  3.5
Fighting       | 4 |  4.3
Shields        | 4 |  4.6
Armour         | 4 |  4.2
Dodging        | |  0.5

Action                   |  1- 3 |  4- 6 || total
-------------------------+-------+-------++-------
Melee: War axe           |    70 |   109 ||   179
  Use: Scroll            |     2 |       ||     2
       Potion            |       |     3 ||     3
Armor: Scale mail        |     4 |       ||     4
       Chain mail        |    39 |    82 ||   121
Dodge: Dodged            |    18 |    29 ||    47
Block: Kite shield       |    37 |    78 ||   115

Table legend: (Time is in decaauts)
 A = Elapsed time spent in this place.
 B = Non-inter-level travel time spent in this place.
 C = Inter-level travel time spent in this place.
 D = Time resting spent in this place.
 E = Time spent auto-exploring this place.
 F = Levels seen in this place.
 G = Mean time per level.
                   A        B        C        D        E       F      G
               +--------+--------+--------+--------+--------+-----+--------+
         Total |   2937 |   2937 |      0 |    355 |   1959 |   4 |  734.2 |
       Dungeon |   2937 |   2937 |      0 |    355 |   1959 |   4 |  734.2 |
               +--------+--------+--------+--------+--------+-----+--------+

Top non-repeatable levels by time:
     D:1: 1084 daAuts
     D:2: 955 daAuts
     D:3: 885 daAuts
     D:4: 11 daAuts
